 Dungeon Crawl Stone Soup version 0.29.0-4-gdea44cf6ec (webtiles) character file.

Game seed: 3607833856759175791

315 qw the Ruffian (level 6, 0/50 HPs)
             Began as a Ghoul Fire Elementalist on Aug 29, 2022.
             Slain by a black bear (1 damage)
             ... on level 4 of the Dungeon.
             The game lasted 00:03:41 (4065 turns).

qw the Ruffian (Ghoul Fire Elementalist)            Turns: 4065, Time: 00:03:42

Health: 0/50       AC:  9    Str: 14    XL:     6   Next: 44%
Magic:  7/7        EV:  6    Int: 10    God:
Gold:   80         SH:  0    Dex:  9    Spells: 7/8 levels left

rFire   . . .      SeeInvis .     - Unarmed
rCold   + . .      Faith    .   (no shield)
rNeg    + + +      Spirit   .   m - +0 chain mail
rPois   inf        Reflect  .   e - +0 helmet
rElec   .          Harm     .   (no cloak)
rCorr   .          Rampage  .   (no gloves)
Will    .....                   (no boots)
Stlth   ..........              (no amulet)
HPRegen 0.00/turn               (no ring)
MPRegen 0.10/turn               (no ring)

@: inhibited regen
A: claws 1, cold resistance 1, negative energy resistance 3, inhibited
regeneration, torment resistance 2, devour on kill
a: no special abilities


You were on level 4 of the Dungeon.
You visited 1 branch of the dungeon, and saw 4 of its levels.

You collected 146 gold pieces.
You spent 66 gold pieces at shops.


Innate Abilities, Weirdness & Mutations

You are immune to poison.
You have sharp fingernails.
Your flesh is cold resistant. (rC+)
You are immune to negative energy. (rN+++)
You do not regenerate when monsters are visible.
You are immune to unholy pain and torment.
You thrive by killing the living.


   Skills:
 + Level 2.4 Fighting
 - Level 1.0 Armour
 - Level 1.7 Dodging
 - Level 2.1 Stealth
 - Level 6.0 Unarmed Combat
 - Level 1.7 Spellcasting
 - Level 0.7 Conjurations
 - Level 2.4 Fire Magic


You had 7 spell levels left.
You knew the following spells:

 Your Spells              Type           Power      Damage    Failure   Level
a - Foxfire               Conj/Fire      16%        2x1d4     99%         1

Your spell library contained the following spells:

 Spells                   Type           Power      Damage    Failure   Level
 Scorch                   Fire           10%        2d6       99%         2
 Conjure Flame            Conj/Fire      4%         6-21      100%        3
 Inner Flame              Hex/Fire       3%         N/A       100%        3
 Flame Wave               Conj/Fire      4%         2d5       100%        4

Inventory:

Missiles
 n - 4 boomerangs (quivered)
Armour
 e - a +0 helmet (worn)
 m - a +0 chain mail (worn)
Scrolls
 d - a scroll of enchant weapon
 i - 4 scrolls of identify
Potions
 c - a potion of cancellation
 f - a potion of mutation
 p - a potion of experience {unknown}

Dungeon Overview and Level Annotations

Branches:
Dungeon (4/15)
 Temple: D:4-7

Altars:
Fedhas
Gozag
Makhleb
Uskayaw

Shops:
D:3 ?

Annotations:
D:2 1 runed translucent door, Crazy Yiuf


Message History

The black bear bites you but does no damage.
The black bear completely misses you.
The black bear claws you but does no damage.
4060 ||| Stepping ~*~*~tactically~*~*~ (outnumbered).
You scratch the black bear but do no damage.
The black bear is lightly wounded.
The black bear bites you!
The black bear claws you but does no damage. x2
The black bear bites you but does no damage.
The black bear claws you. The black bear closely misses you.
You scratch the black bear but do no damage.
The black bear is lightly wounded.
The black bear bites you but does no damage.
The black bear claws you. The black bear barely misses you.
The black bear bites you. The black bear barely misses you.
The black bear claws you but does no damage.
You scratch the black bear.
The black bear is moderately wounded.
The black bear bites you.
The black bear claws you but does no damage. x2
The black bear bites you. The black bear claws you.
The black bear claws you but does no damage.
The orc hits you with a +0 flail.
You barely miss the black bear. Your claw misses the black bear.
The black bear is moderately wounded.
The orc barely misses you.
The black bear bites you but does no damage.
The black bear barely misses you.
The black bear claws you but does no damage.
The black bear bites you but does no damage.
The black bear barely misses you.
The black bear claws you but does no damage.
You claw the black bear!
The black bear is heavily wounded.
The black bear bites you but does no damage.
The black bear claws you but does no damage.
The black bear barely misses you. The black bear closely misses you.
The black bear claws you but does no damage.
The black bear claws you.
You die...

.._..8.._.# #......[..#
#........# #...._...#
#.......## #.).....#
#.......# #hh.....#
#@oo....# #####'###
##########.......#
#................#
######.........)......#
#...#.................#
#...##....##.##..##...#
#...##....#####..##...#
#..........# ....#....#


You could see 2 black bears and 2 orcs.

Vanquished Creatures
  A bullfrog (D:3)
  An iguana (D:4)
  An orc wizard (D:4)
  Robin (D:2)
  4 gnolls (D:2)
  4 adders (D:3)
  An ufetubus (D:3)
  A worm (D:2)
  An orc (D:2)
  6 ball pythons
  7 bats
  6 endoplasms
  2 giant cockroaches
  15 goblins
  13 hobgoblins
  13 jackals
  6 kobolds
  3 quokkas
  5 frilled lizards
  7 rats
98 creatures vanquished.

Notes
Turn   | Place    | Note
-------+----------+-------------------------------------------
     0 | D:1      | qw the Ghoul Fire Elementalist began the quest for the Orb.
     0 | D:1      | Reached XP level 1. HP: 14/14 MP: 2/2
     0 | D:1      | 0 ||| qw: Version: 0.1-a-90-g952f4b7
     0 | D:1      | 0 ||| qw: Game counter: 3886
     0 | D:1      | 0 ||| qw: Always use a shield: true
     0 | D:1      | 0 ||| qw: God list: Okawaru
     0 | D:1      | 0 ||| qw: Allow faded altars: false
     0 | D:1      | 0 ||| qw: Do Orc after D:15 true
     0 | D:1      | 0 ||| qw: Do second Lair branch before Depths: true
     0 | D:1      | 0 ||| qw: Lair rune preference: random
     0 | D:1      | 0 ||| qw: Plans: Normal
     0 | D:1      | 0 ||| PLANNING D:1-11
   276 | D:1      | Reached skill level 1 in Unarmed Combat
   400 | D:1      | Reached skill level 1 in Fighting
   400 | D:1      | Reached XP level 2. HP: 23/23 MP: 3/3
   751 | D:1      | 751 ||| Stepping ~*~*~tactically~*~*~ (stealth).
   763 | D:1      | Reached skill level 2 in Unarmed Combat
  1141 | D:1      | 1141 ||| UPGRADING to +0 scale mail.
  1151 | D:1      | 1151 ||| DROPPING +0 robe.
  1152 | D:1      | 1152 ||| READING 2 scrolls labelled UTUFRA TEIPAZ.
  1153 | D:1      | 1153 ||| READING scroll labelled QOTWURGH SIAFRU.
  1154 | D:1      | 1154 ||| READING scroll labelled WERABL QYSOZAI.
  1155 | D:1      | 1155 ||| READING scroll labelled YDWAES ICKIAQ.
  1156 | D:1      | 1156 ||| READING 2 scrolls labelled TINKOD FAUDI.
  1161 | D:1      | 1161 ||| READING scroll labelled JYAF AXAIBUYG.
  1162 | D:1      | 1162 ||| READING scroll labelled ZEVISO JOYGU.
  1163 | D:1      | 1163 ||| DROPPING potion of magic.
  1191 | D:2      | 1191 ||| STAIRDANCE
  1193 | D:1      | 1193 ||| Stepping ~*~*~tactically~*~*~ (outnumbered).
  1194 | D:1      | 1194 ||| Stepping ~*~*~tactically~*~*~ (outnumbered).
  1195 | D:1      | 1195 ||| Stepping ~*~*~tactically~*~*~ (outnumbered).
  1196 | D:1      | 1196 ||| Stepping ~*~*~tactically~*~*~ (outnumbered).
  1224 | D:2      | 1224 ||| STAIRDANCE
  1230 | D:2      | 1230 ||| STAIRDANCE
  1245 | D:1      | Reached XP level 3. HP: 28/28 MP: 4/4
  1247 | D:2      | 1247 ||| STAIRDANCE
  1472 | D:2      | 1472 ||| STAIRDANCE
  1689 | D:2      | Reached skill level 3 in Unarmed Combat
  1690 | D:2      | 1690 ||| Stepping ~*~*~tactically~*~*~ (outnumbered).
  1709 | D:2      | Noticed Robin
  1722 | D:2      | HP: 7/28 [Robin/+0 short sword (3)]
  1723 | D:2      | 1723 ||| READING scroll of teleportation.
  2000 | D:2      | Killed Robin
  2001 | D:2      | Reached XP level 4. HP: 35/35 MP: 5/5
  2028 | D:2      | 2028 ||| Stepping ~*~*~tactically~*~*~ (stealth).
  2038 | D:2      | 2038 ||| Stepping ~*~*~tactically~*~*~ (stealth).
  2040 | D:2      | 2040 ||| FLEEEEING.
  2041 | D:2      | 2041 ||| FLEEEEING.
  2045 | D:2      | 2045 ||| FLEEEEING.
  2046 | D:2      | 2046 ||| FLEEEEING.
  2047 | D:2      | 2047 ||| FLEEEEING.
  2048 | D:2      | 2048 ||| FLEEEEING.
  2049 | D:2      | 2049 ||| FLEEEEING.
  2050 | D:2      | 2050 ||| FLEEEEING.
  2051 | D:2      | 2051 ||| FLEEEEING.
  2052 | D:2      | 2052 ||| FLEEEEING.
  2053 | D:2      | 2053 ||| FLEEEEING.
  2054 | D:2      | 2054 ||| FLEEEEING.
  2055 | D:2      | 2055 ||| FLEEEEING.
  2056 | D:2      | 2056 ||| FLEEEEING.
  2061 | D:2      | 2061 ||| Stepping ~*~*~tactically~*~*~ (hiding).
  2071 | D:2      | Reached skill level 4 in Unarmed Combat
  2090 | D:2      | 2090 ||| FLEEEEING.
  2092 | D:2      | 2092 ||| STAIRDANCE
  2268 | D:1      | 2268 ||| UPGRADING to +0 helmet.
  2273 | D:1      | 2273 ||| READING 2 scrolls labelled SAATIO UDUT.
  2274 | D:1      | 2274 ||| DRINKING 2 white potions.
  2275 | D:1      | 2275 ||| DRINKING 3 bubbling purple potions.
  2276 | D:1      | 2276 ||| DROPPING potion of flight.
  2277 | D:1      | 2277 ||| DROPPING scroll of torment.
  2282 | D:2      | 2282 ||| Stepping ~*~*~tactically~*~*~ (hiding).
  2288 | D:2      | 2288 ||| Stepping ~*~*~tactically~*~*~ (hiding).
  2291 | D:2      | 2291 ||| STAIRDANCE
  2427 | D:2      | HP: 8/35 [gnoll/+0 halberd (12)]
  2428 | D:2      | 2428 ||| DRINKING 2 potions of heal wounds.
  2458 | D:2      | 2458 ||| Stepping ~*~*~tactically~*~*~ (stealth).
  2461 | D:2      | 2461 ||| Stepping ~*~*~tactically~*~*~ (stealth).
  2464 | D:2      | 2464 ||| Stepping ~*~*~tactically~*~*~ (stealth).
  2465 | D:2      | 2465 ||| Stepping ~*~*~tactically~*~*~ (stealth).
  2475 | D:2      | Reached XP level 5. HP: 35/41 MP: 6/6
  2475 | D:2      | 2475 ||| FLEEEEING.
  2479 | D:2      | 2479 ||| Stepping ~*~*~tactically~*~*~ (stealth).
  2499 | D:2      | 2499 ||| Stepping ~*~*~tactically~*~*~ (stealth).
  2500 | D:2      | 2500 ||| Stepping ~*~*~tactically~*~*~ (stealth).
  2515 | D:2      | 2515 ||| Stepping ~*~*~tactically~*~*~ (stealth).
  2542 | D:2      | 2542 ||| Stepping ~*~*~tactically~*~*~ (stealth).
  2601 | D:2      | 2601 ||| Stepping ~*~*~tactically~*~*~ (stealth).
  2602 | D:2      | 2602 ||| Stepping ~*~*~tactically~*~*~ (stealth).
  2714 | D:2      | Found a runed translucent door.
  2715 | D:2      | Noticed Crazy Yiuf
  2841 | D:2      | 2841 ||| Stepping randomly (stuck).
  2908 | D:3      | Reached skill level 5 in Unarmed Combat
  3158 | D:3      | 3158 ||| Stepping ~*~*~tactically~*~*~ (stealth).
  3180 | D:3      | Reached skill level 1 in Armour
  3288 | D:3      | 3288 ||| Stepping ~*~*~tactically~*~*~ (outnumbered).
  3289 | D:3      | 3289 ||| Stepping ~*~*~tactically~*~*~ (outnumbered).
  3298 | D:3      | Reached XP level 6. HP: 47/48 MP: 7/7
  3509 | D:3      | Found Zazief's Magic Scroll Shoppe.
  3516 | D:3      | 3516 ||| BUYING scroll of identify (22 gold).
  3516 | D:3      | Bought a scroll of identify for 22 gold pieces
  3516 | D:3      | 3516 ||| BUYING scroll of identify (22 gold).
  3516 | D:3      | Bought a scroll of identify for 22 gold pieces
  3516 | D:3      | 3516 ||| BUYING scroll of identify (22 gold).
  3516 | D:3      | Bought a scroll of identify for 22 gold pieces
  3584 | D:3      | 3584 ||| Stepping ~*~*~tactically~*~*~ (outnumbered).
  3626 | D:3      | 3626 ||| Stepping ~*~*~tactically~*~*~ (outnumbered).
  3741 | D:3      | 3741 ||| UPGRADING to +0 chain mail.
  3751 | D:3      | 3751 ||| DROPPING +0 scale mail.
  3752 | D:3      | 3752 ||| READING scroll labelled BILIACHEASU.
  3753 | D:3      | 3753 ||| READING scroll labelled LUIXEDAULIG.
  3754 | D:3      | 3754 ||| DRINKING 3 purple potions.
  3755 | D:3      | 3755 ||| READING 5 scrolls of identify.
  3755 | D:3      | 3755 ||| IDENTIFYING fizzy purple potion
  3756 | D:3      | 3756 ||| READING 4 scrolls of identify.
  3756 | D:3      | 3756 ||| IDENTIFYING gluggy clear potion
  3757 | D:3      | 3757 ||| READING 3 scrolls of identify.
  3757 | D:3      | 3757 ||| IDENTIFYING fuming emerald potion
  3758 | D:3      | 3758 ||| READING 2 scrolls of identify.
  3758 | D:3      | 3758 ||| IDENTIFYING bubbling amethyst potion
  3759 | D:3      | 3759 ||| DROPPING potion of lignification.
  3760 | D:3      | 3760 ||| DROPPING potion of attraction.
  3761 | D:3      | 3761 ||| DROPPING 2 potions of invisibility.
  3851 | D:4      | HP: 10/48 [iguana (7)]
  3852 | D:4      | 3852 ||| READING scroll of teleportation.
  3852 | D:4      | HP: 4/48 [iguana (6)]
  3853 | D:4      | 3853 ||| DRINKING potion of heal wounds.
  4015 | D:4      | Reached skill level 6 in Unarmed Combat
  4030 | D:4      | Found a hide-covered altar of Uskayaw.
  4033 | D:4      | Found a burning altar of Makhleb.
  4033 | D:4      | Found an opulent altar of Gozag.
  4041 | D:4      | Noticed a black bear
  4042 | D:4      | Found a blossoming altar of Fedhas.
  4042 | D:4      | Noticed a black bear
  4047 | D:4      | 4047 ||| Stepping ~*~*~tactically~*~*~ (outnumbered).
  4051 | D:4      | 4051 ||| Stepping ~*~*~tactically~*~*~ (outnumbered).
  4054 | D:4      | 4054 ||| Stepping ~*~*~tactically~*~*~ (outnumbered).
  4059 | D:4      | 4059 ||| Stepping ~*~*~tactically~*~*~ (outnumbered).
  4060 | D:4      | 4060 ||| Stepping ~*~*~tactically~*~*~ (outnumbered).
  4062 | D:4      | HP: 12/50 [black bear (1)]
  4063 | D:4      | HP: 3/50 [black bear (3)]
  4063 | D:4      | HP: 1/50 [orc/+0 flail (2)]
  4065 | D:4      | Slain by a black bear

Levels and vault maps discovered:
D:1:      ebering_trefoil_twist, layout_loops_corners
D:2:      minmay_diamond_boxcup, layout_rooms, uniq_crazy_yiuf_cottage,
          uniq_robin
D:3:      minmay_skewed_foursquare, layout_basic, serial_shops, shop,
          minivault_5
D:4:      layout_gridville, grunt_temple_overflow_open, trog_ov_bears_minmay

Skill      XL: |  1  2  3  4  5  6 |
---------------+-------------------+-----
Unarmed Combat | 1 2 3 4 5 6 |  6.0
Fighting       | 1 2 |  2.4
Armour         | 1 |  1.0
Dodging        | |  1.7
Stealth        | |  2.1
Spellcasting   | |  1.7
Conjurations   | |  0.7
Fire Magic     | |  2.4

Action                   |  1- 3 |  4- 6 || total
-------------------------+-------+-------++-------
Melee: Unarmed           |   148 |   214 ||   362
       Punch             |     4 |     2 ||     6
Throw: Boomerang         |       |    14 ||    14
  Use: Scroll            |     8 |     8 ||    16
       Potion            |       |     5 ||     5
Armor: Robe              |    10 |       ||    10
       Scale mail        |    65 |    90 ||   155
       Chain mail        |       |    41 ||    41
Dodge: Dodged            |   104 |   104 ||   208

Table legend:
 A = Non-vault XP
 B = Vault XP
 C = Vault XP percentage of total XP
 D = Non-vault monster count
 E = Vault monster count
 F = Vault count percentage of total count
                 A         B        C        D         E       F
            +---------+---------+-------+---------+---------+-------
      Total |     348 |     103 |  22.8 |      70 |      28 |  28.6
            +---------+---------+-------+---------+---------+-------
        D:1 |      45 |       0 |   0.0 |      26 |       0 |   0.0
        D:2 |      90 |      56 |  38.4 |      23 |      20 |  46.5
        D:3 |     131 |      47 |  26.4 |      16 |       8 |  33.3
        D:4 |      82 |       0 |   0.0 |       5 |       0 |   0.0
            +---------+---------+-------+---------+---------+-------
